 Dungeon Crawl Stone Soup version 0.29-a0-9-g022ca4c890 (webtiles) character file.

Game seed: 5702477190837616207

2297 avis the Grappler (level 9, -2/74 HPs)
             Began as a Hill Orc Transmuter on Jan 28, 2022.
             Was a Believer of Beogh.
             Succumbed to a gnoll sergeant's poison
             ... on level 7 of the Dungeon.
             The game lasted 00:47:54 (8534 turns).

avis the Grappler (Hill Orc Transmuter)             Turns: 8534, Time: 00:47:55

Health: -2/74      AC:  2    Str: 13    XL:     9   Next: 40%
Magic:  11/15      EV: 20    Int: 17    God:    Beogh [**....]
Gold:   475        SH:  0    Dex: 16    Spells: 6/16 levels left

rFire   + . .      SeeInvis +     - Unarmed
rCold   . . .      Faith    .   (shield currently unavailable)
rNeg    + . .      Spirit   .   (armour currently unavailable)
rPois   .          Reflect  .   (helmet currently unavailable)
rElec   .          Harm     .   (cloak currently unavailable)
rCorr   .          Rampage  .   (gloves currently unavailable)
Will    +....                   (boots currently unavailable)
Stlth   +.........              (no amulet)
HPRegen 0.22/turn               f - ring of poison resistance
MPRegen 0.14/turn               J - ring of Rumnyan {+Blink rF+ rN+ Will+ SInv}

@: lethally poisoned (-2 -> -29), spider-form (expiring)
A: venomous fangs, tiny
a: End Transformation, Renounce Religion, Evoke Blink, Smiting


You were on level 7 of the Dungeon.
You worshipped Beogh.
Beogh was pleased with you.
You were a venomous arachnid creature.
You visited 2 branches of the dungeon, and saw 8 of its levels.
You also visited: Ossuary.

You collected 475 gold pieces.

Inventory:

Hand Weapons
 a - the +5 spear of Unreason (melded) {vorpal, rCorr Int+2 Dex+3 Stlth-}
   (You found it on level 5 of the Dungeon)

   It inflicts extra damage upon your enemies.
   Int:       It affects your intelligence (+2).
   Dex:       It affects your dexterity (+3).
   rCorr:     It protects you from acid and corrosion.
   Stlth:     It makes you less stealthy.
 b - a +3 hunting sling
 F - the +4 mace of the Howling Butterfly {vorpal, rF+ Int+2}
   (You found it on level 4 of the Dungeon)

   It inflicts extra damage upon your enemies.
   Int:       It affects your intelligence (+2).
   rF:        It protects you from fire.
 L - a +0 trident
 Q - a +2 quarterstaff of chaos
 S - a +2 mace of distortion
 T - a +0 spear
 U - a +0 trident
Missiles
 c - 61 sling bullets
 d - 19 arrows
 e - 4 poisoned darts (quivered)
 j - 88 stones
 M - a throwing net
Armour
 k - a +1 leather armour (melded)
 p - a +0 pair of gloves (melded)
 I - a +0 pair of boots (melded)
 K - an orb of energy
 O - a +0 plate armour
 R - a +0 cloak (melded)
Magical Staves
 D - a staff of air
 G - a staff of cold
Jewellery
 f - a ring of poison resistance (left front leg)
 g - a +4 ring of evasion
 J - the ring of Rumnyan (right front leg) {+Blink rF+ rN+ Will+ SInv}
   (You found it on level 5 of the Dungeon)

   [ring of see invisible]

   rF:        It protects you from fire.
   rN:        It protects you from negative energy.
   SInv:      It lets you see invisible.
   +Blink:    It lets you blink.
   Will:      It increases your willpower.
Wands
 H - a wand of flame (30)
 P - a wand of iceblast (12)
Scrolls
 m - 4 scrolls of teleportation
 q - a scroll of enchant weapon {unknown}
 w - a scroll of blinking {unknown}
 y - a scroll of vulnerability {unknown}
 B - a scroll of summoning {unknown}
 C - a scroll of torment {unknown}
 E - a scroll of fear {unknown}
 N - a scroll of holy word {unknown}
Potions
 h - a potion of heal wounds {unknown}
 i - 2 potions of magic
 l - 2 potions of resistance
 n - a potion of lignification {unknown}
 o - 3 potions of invisibility
 r - 2 potions of degeneration
 s - 2 potions of berserk rage
 t - 2 potions of ambrosia
 u - 3 potions of brilliance
 v - 3 potions of flight
 x - 5 potions of curing
 z - a potion of might {unknown}
 A - 2 potions of haste


   Skills:
 * Level 5.1 Fighting
 - Level 3.0 Dodging
 - Level 9.0 Unarmed Combat
 - Level 4.0 Spellcasting
 - Level 4.0 Transmutations
 - Level 2.0 Poison Magic
 - Level 4.0 Invocations


You had 6 spell levels left.
You knew the following spells:

 Your Spells              Type           Power      Damage    Failure   Level
a - Beastly Appendage     Tmut           34%        N/A       11%         1
b - Wereblood             Tmut           17%        N/A       14%         2
p - Spider Form           Tmut/Pois      13%        N/A       32%         3
q - Ice Form              Ice/Tmut       10%        N/A       77%         4

Your spell library contained the following spells:

 Spells                   Type           Power      Damage    Failure   Level
 Animate Skeleton         Necr           6%         N/A       34%         1
 Apportation              Tloc           6%         N/A       34%         1
 Summon Small Mammal      Summ           12%        N/A       34%         1
 Poisonous Vapours        Pois/Air       12%        N/A       34%         2
 Corpse Rot               Necr/Air       6%         N/A       45%         2
 Ensorcelled Hibernation  Hex/Ice        6%         N/A       45%         2
 Anguish                  Hex/Necr       1%         N/A       94%         4


Dungeon Overview and Level Annotations

Branches:
Dungeon (7/15)             Temple (1/1) D:4         Ossuary (visited)

Altars:
Ashenzari
Gozag
Sif Muna


Message History

The orc wizard is moderately wounded.
You bite the orc wizard!
The orc wizard looks as sick as possible!
The orc wizard is almost dead.
You kill the orc wizard!
Beogh accepts your kill.
Training target 9.0 for Unarmed Combat reached!
Your Unarmed Combat skill increases to level 9!
You need to enable at least one skill for training.
You bite the gnoll!
The gnoll is severely wounded.
Your transformation is almost over.
The gnoll misses you.
Your magical contamination has completely faded away.
You bite the gnoll!
You kill the gnoll!
Beogh accepts your kill.
You hit the orc but do no damage. The orc completely misses you.
You bite the orc!
You kill the orc!
Beogh accepts your kill.
The gnoll sergeant hits you with a +2 spear of venom!
* * * LOW HITPOINT WARNING * * *
Items here: ))) [[ †.
You bite the gnoll sergeant!
The gnoll sergeant is poisoned.
The gnoll sergeant is moderately wounded.
The gnoll sergeant closely misses you. The gnoll sergeant blocks your attack.
The gnoll sergeant is moderately wounded.
The gnoll sergeant completely misses you.
You bite the gnoll sergeant!
The gnoll sergeant looks as sick as possible!
The gnoll sergeant is severely wounded.
The gnoll sergeant hits you with a +2 spear of venom!
* * * LOW HITPOINT WARNING * * *
You are lethally poisoned!
You bite the gnoll sergeant!
You kill the gnoll sergeant!
Beogh accepts your kill.
You die...

.#.###.#.# #..
##.#.# #...#.# #.#
.....# ##..#.# #.#
...### #..#.# #.#
.....# ##.#.# #.#
.....#####.#.###.#
.....#....)#...#.#
.........#.#...#)#
###....#.#.....#s#
#....#.##....#)#
#....#. #....#.#
#+ .##. #..###.#
.. #..# #.# ..
##.# #.# #.###)#
#....)# ##.##....#


There were no monsters in sight!

Vanquished Creatures
  Grinder (D:6)
  Sigmund (D:4)
  A steam dragon (D:6)
  2 water moccasins
  A hornet zombie (D:6)
  An orc warrior (D:7)
  A black bear (D:6)
  3 ogres
  2 bullfrogs (D:6)
  A gnoll sergeant (D:7)
  2 scorpions
  A water moccasin skeleton (D:4)
  A centaur zombie (D:5)
  A jelly (D:4)
  Crazy Yiuf (D:6)
  3 hounds
  A bullfrog zombie (D:6)
  2 orc priests
  3 iguanas
  4 orc wizards
  A hound zombie (D:5)
  8 mummies (Ossuary)
  8 gnolls
  A howler monkey skeleton (D:4)
  4 adders
  A white imp (D:6)
  2 adder skeletons (D:4)
  2 dart slugs
  21 orcs
  5 endoplasms
  3 giant cockroaches
  2 gnoll zombies (Ossuary)
  2 goblins
  7 hobgoblins
  6 quokkas
  6 ball pythons
  5 bats
  4 frilled lizards
  3 hobgoblin zombies (Ossuary)
  3 kobolds
  2 kobold zombies (Ossuary)
  An orc zombie (Ossuary)
  8 rats
138 creatures vanquished.

Vanquished Creatures (others)
  An orc priest (D:4)
  An orc (D:4)
  A fungus (D:6)
  6 plants (D:5)
9 creatures vanquished.

Grand Total: 147 creatures vanquished

Notes
Turn   | Place    | Note
-------+----------+-------------------------------------------
     0 | D:1      | avis the Hill Orc Transmuter began the quest for the Orb.
     0 | D:1      | Reached XP level 1. HP: 16/16 MP: 3/3
    84 | D:1      | Found a faded altar of an unknown god.
   268 | D:1      | Reached XP level 2. HP: 24/24 MP: 4/4
   540 | D:1      | Reached skill level 4 in Unarmed Combat
  1077 | D:2      | Reached XP level 3. HP: 26/30 MP: 3/5
  1087 | D:2      | Learned a level 3 spell: Spider Form
  2094 | D:3      | Reached XP level 4. HP: 30/38 MP: 4/6
  2756 | D:3      | Reached skill level 5 in Unarmed Combat
  3049 | D:4      | Reached XP level 5. HP: 32/45 MP: 6/8
  3255 | D:4      | Became a worshipper of Beogh the Brigand
  3398 | D:4      | Found a broken altar of Ashenzari.
  3405 | D:4      | Found an opulent altar of Gozag.
  3438 | D:4      | Identified the +4 mace of the Howling Butterfly {vorpal,
                  | rF+ Int+2}
  3448 | D:4      | Found a staircase to the Ecumenical Temple.
  3453 | Temple   | Entered the Ecumenical Temple
  3548 | D:4      | Reached XP level 6. HP: 50/51 MP: 8/10
  3564 | D:4      | Noticed Sigmund
  3578 | D:4      | Killed Sigmund
  3813 | D:4      | Reached skill level 1 in Invocations
  4343 | D:5      | Entered Level 5 of the Dungeon
  4361 | D:5      | Reached XP level 7. HP: 57/57 MP: 6/11
  4446 | D:4      | Reached skill level 1 in Poison Magic
  4788 | D:5      | Reached * piety under Beogh
  4789 | D:5      | Reached skill level 6 in Unarmed Combat
  4926 | D:5      | Found a sand-covered staircase.
  4935 | Ossuary  | Entered an ossuary
  4943 | Ossuary  | Learned a level 2 spell: Wereblood
  5056 | Ossuary  | Reached XP level 8. HP: 66/66 MP: 12/12
  5584 | D:5      | Identified the +5 spear of Unreason {vorpal, rCorr Int+2
                  | Dex+3 Stlth-}
  5618 | D:5      | Reached skill level 7 in Unarmed Combat
  5797 | D:5      | Identified the ring of Rumnyan {+Blink rF+ rN+ Will+ SInv}
  5822 | D:5      | Reached skill level 5 in Fighting
  6901 | D:6      | Noticed Grinder
  7054 | D:6      | Found a shimmering blue altar of Sif Muna.
  7298 | D:6      | Reached XP level 9. HP: 74/74 MP: 11/15
  7328 | D:6      | Killed Grinder
  7810 | D:6      | Found a runed translucent door.
  7811 | D:6      | Noticed Crazy Yiuf
  7842 | D:6      | Killed Crazy Yiuf
  7988 | D:6      | Learned a level 4 spell: Ice Form
  8009 | D:6      | Reached skill level 8 in Unarmed Combat
  8494 | D:7      | Reached ** piety under Beogh
  8526 | D:7      | Reached skill level 9 in Unarmed Combat
  8533 | D:7      | HP: 2/74 [gnoll sergeant (15)]
  8534 | D:7      | Succumbed to a gnoll sergeant's poison

Illustrated notes

Levels and vault maps discovered:
D:1:      lordsloth_arrival_two_stooges, layout_loops_ring,
          ebering_ecumenical_altar_abandoned
D:2:      minmay_inner_zag, layout_loops_ring
D:3:      layout_loops_ring, serial_aquarium, aquarium_bridge_island_small
          [aquarium_subvault_small_open, aquarium_subvault_balcony,
          aquarium_subvault_wall, aquarium_subvault_wall,
          aquarium_subvault_bridge], aquarium_window_fake, aquarium_window_1,
          aquarium_window_2, aquarium_view_2c, minmay_stone_trees_small,
          minmay_ruptured
D:4:      layout_basic, mainiacjoe_overflow_big_doors,
          minmay_temple_entry_nine_rooms, uniq_sigmund
D:5:      layout_cave_pods, nicolae_ossuary_entry_ruins, gup_sewer_entry_spiral,
          grunt_decor_junction, minmay_misc_feat_secret_circle,
          nicolae_zen_rock_garden, grunt_decor_one_mirror, grunt_ministairs_8
D:6:      layout_loops_ring, kennysheep_mini_moat, uniq_grinder,
          uniq_crazy_yiuf_cottage
D:7:      kennysheep_windowed_halls, layout_basic, lemuel_crystal_altar,
          grunt_potential
Temple:   dpeg_five_rooms_temple

Skill      XL: |  1  2  3  4  5  6  7  8  9 |
---------------+----------------------------+-----
Fighting       | 2 3 4 5 |  5.1
Unarmed Combat | 4 5 6 7 9 |  9.0
Dodging        | 2 3 |  3.0
Spellcasting   | 2 3 4 |  4.0
Transmutations | 3 4 |  4.0
Invocations    | 3 4 |  4.0
Poison Magic   | 2 |  2.0

Action                   |  1- 3 |  4- 6 |  7- 9 || total
-------------------------+-------+-------+-------++-------
Melee: Unarmed           |    53 |    49 |   138 ||   240
       Kick              |    12 |    14 |    22 ||    48
       Headbutt          |     4 |     9 |    21 ||    34
       Mace              |       |     5 |   107 ||   112
       Punch             |       |       |     2 ||     2
       Spear             |       |       |     6 ||     6
 Fire: Hunting sling     |    53 |    25 |    40 ||   118
Throw: Dart              |       |     2 |       ||     2
 Cast: Beastly Appendage |    18 |    11 |    22 ||    51
       Spider Form       |       |     3 |    24 ||    27
       Wereblood         |       |       |     1 ||     1
Invok: Convert to Beogh  |       |     1 |       ||     1
  Use: Scroll            |       |     3 |    10 ||    13
Armor: Robe              |     2 |       |       ||     2
       Leather armour    |     6 |     6 |    18 ||    30
       Skin              |       |       |    12 ||    12
Dodge: Dodged            |    45 |    42 |   199 ||   286

Table legend: (Time is in decaauts)
 A = Elapsed time spent in this place.
 B = Non-inter-level travel time spent in this place.
 C = Inter-level travel time spent in this place.
 D = Time resting spent in this place.
 E = Time spent auto-exploring this place.
 F = Levels seen in this place.
 G = Mean time per level.
                   A        B        C        D        E       F      G
               +--------+--------+--------+--------+--------+-----+--------+
         Total |   8594 |   7658 |    936 |   1803 |   3633 |   9 |  954.9 |
       Dungeon |   8283 |   7347 |    936 |   1709 |   3633 |   7 | 1183.3 |
        Temple |     15 |     15 |      0 |      0 |      0 |   1 |   15.0 |
       Ossuary |    295 |    295 |      0 |     94 |      0 |   1 |  295.0 |
               +--------+--------+--------+--------+--------+-----+--------+

Top non-repeatable levels by time:
     D:5: 2109 daAuts
     D:6: 1506 daAuts
     D:4: 1477 daAuts
     D:3: 1117 daAuts
     D:2: 1027 daAuts
     D:1: 817 daAuts
 Ossuary: 295 daAuts
     D:7: 227 daAuts
  Temple: 15 daAuts
